 Dungeon Sprint DCSS version 0.17.0-1-g61d176b (webtiles) character file.

1621 kosy22 the Nimble (level 8, -4/88 HPs)
             Began as a Troll Fighter on Nov 7, 2015.
             Was a Follower of Nemelex Xobeh.
             Slain by a seven-headed hydra (15 damage)
             ... in the Dungeon (Sprint IX: "|||||||||||||||||||||||||||||").
             The game lasted 00:04:41 (565 turns).

kosy22 the Nimble (Troll Fighter)                    Turns: 565, Time: 00:04:42

Health: -4/88      AC:  7    Str: 27    XL:     8   Next: 64%
Magic:  7/7        EV: 15    Int:  4    God:    Nemelex Xobeh [*.....]
Gold:   0          SH: 11    Dex:  9    Spells: 0 memorised, 7 levels left

rFire  . . .     SeeInvis .     o - +4 rapier (distort)
rCold  . . .     Clarity  .     a - +0 robe
rNeg   . . .     SustAt   .     b - +0 shield
rPois  .         Gourm    +     (helmet restricted)
rElec  .         Spirit   .     (no cloak)
rCorr  .         Warding  .     (gloves unavailable)
rMut   .         NoTele   +     (boots unavailable)
MR     .....                    (no amulet)
Stlth  +.........               p - +2 ring of protection
                                q - +2 ring of evasion

@: not resistant to hostile enchantments, very unstealthy
A: unfitting armour, claws 3, fast metabolism 3, gourmand, regeneration 2,
shaggy fur 1, tough skin 2
a: Renounce Religion


You were in the Dungeon.
You worshipped Nemelex Xobeh.
Nemelex Xobeh was aware of your devotion.
You were not hungry.

You visited 1 branch

Inventory:

Hand Weapons
 o - a +4 rapier of distortion (weapon)
Armour
 a - a +0 robe (worn)
 b - a +0 shield (worn)
Jewellery
 p - a +2 ring of protection (right claw)
 q - a +2 ring of evasion (left claw)
Wands
 n - a wand of cold (7)
Scrolls
 j - 3 scrolls of blinking
 l - 4 scrolls of remove curse
 m - 2 scrolls of amnesia
 u - 2 scrolls of fog
 v - 2 scrolls of enchant armour
Potions
 c - a potion of might
 e - 3 potions of curing
 f - 4 potions of heal wounds
 g - a potion of haste
 h - 4 potions of magic
 i - a potion of berserk rage
 k - a potion of invisibility
 s - a potion of brilliance
Miscellaneous
 r - a plain deck of destruction
Comestibles
 d - a bread ration


   Skills:
 + Level 7.6 Fighting
 + Level 4.1 Short Blades
 + Level 11.0 Dodging
 + Level 1.1 Stealth
 + Level 8.1 Shields
 + Level 5.4 Unarmed Combat


You had 7 spell levels left.
You didn't know any spells.

Dungeon Overview and Level Annotations

Branches:
Dungeon (1/1)

Altars:
Cheibriados
Dithmenos
Elyvilon
Fedhas
Gozag
Kikubaaqudgha
Makhleb
Nemelex Xobeh
Okawaru
Qazlal
Ru
Sif Muna
Trog
Vehumet
Xom
Yredelemnul
Zin
The Shining One
Beogh
Jiyva
Lugonu


Innate Abilities, Weirdness & Mutations

You are too large for most types of armour.
You have claws for hands.
Your metabolism is lightning-fast.
You like to eat raw meat.
You heal very quickly.
You are covered in fur (AC +1).
You have very tough skin (AC +2).


Message History

You feel much better.
You block the seven-headed hydra's attack.
The seven-headed hydra bites you. The seven-headed hydra bites you!
* * * LOW HITPOINT WARNING * * *
The seven-headed hydra bites you but does no damage.
You block the seven-headed hydra's attack.
The seven-headed hydra bites you!
* * * LOW HITPOINT WARNING * * *
The seven-headed hydra bites you!
* * * LOW HITPOINT WARNING * * *
Drink which item? (? for menu, Esc to quit)
You feel much better. The seven-headed hydra bites you.
* * * LOW HITPOINT WARNING * * *
The seven-headed hydra bites you.
* * * LOW HITPOINT WARNING * * *
The seven-headed hydra bites you!
* * * LOW HITPOINT WARNING * * *
The seven-headed hydra bites you!
You die...
Your body disappears without a glow.

▓_▓.▓.▓
▓_▓.▓.▓
▓_▓.▓.▓
▓_▓.▓r▓
▓_▓.▓H▓
▓_▓.▓S▓
▓_▓.▓r▓
▓_▓.▓D▓
▓_▓.▓@▓
▓_▓.▓.▓
▓_▓.▓.▓
▓_▓.▓.▓
▓_▓.▓.▓
▓_▓.▓.▓
▓_▓.▓.▓
▓_▓.▓.▓
▓_▓.▓.▓


You could see a seven-headed hydra, a hippogriff, a water moccasin, a porcupine
and a river rat.

Vanquished Creatures
  A gargoyle (D)
  A komodo dragon (D)
  A spiny frog (D)
  A porcupine (D)
  An ogre (D)
  2 crocodiles (D)
  A wasp (D)
  A crimson imp (D)
  A hound (D)
  A worker ant (D)
  2 river rats (D)
  An ooze (D)
  An adder skeleton (D)
  A giant gecko (D)
  An orc (D)
  A bat (D)
  2 bat skeletons (D)
  A giant cockroach (D)
  A hobgoblin (D)
  A jackal (D)
  A giant newt (D)
  A rat (D)
25 creatures vanquished.

Vanquished Creatures (others)
  An elephant (D)
  A river rat (D)
  A bat zombie (D)
3 creatures vanquished.

Grand Total: 28 creatures vanquished

Notes
Turn   | Place    | Note
--------------------------------------------------------------
     0 | D        | kosy22 the Troll Fighter began the quest for the Orb.
     0 | D        | Reached XP level 1. HP: 22/22 MP: 0/0
    32 | D        | Noticed a crimson imp
    32 | D        | Noticed a worker ant
    36 | D        | Killed a worker ant
    36 | D        | Reached skill level 3 in Fighting
    36 | D        | Reached XP level 2. HP: 29/31 MP: 1/1
    36 | D        | Reached XP level 3. HP: 34/37 MP: 2/2
    45 | D        | Reached skill level 4 in Dodging
    55 | D        | Killed a crimson imp
    55 | D        | Reached XP level 4. HP: 48/48 MP: 3/3
    62 | D        | Found a glowing silver altar of Zin.
    62 | D        | Found a glowing golden altar of the Shining One.
    62 | D        | Found an ancient bone altar of Kikubaaqudgha.
    62 | D        | Found a basalt altar of Yredelemnul.
    62 | D        | Found a shimmering altar of Xom.
    62 | D        | Found a radiant altar of Vehumet.
    63 | D        | Found an iron altar of Okawaru.
    64 | D        | Found a burning altar of Makhleb.
    65 | D        | Found a deep blue altar of Sif Muna.
    66 | D        | Found a bloodstained altar of Trog.
    67 | D        | Found a sparkling altar of Nemelex Xobeh.
    68 | D        | Found a white marble altar of Elyvilon.
    69 | D        | Found a roughly hewn altar of Beogh.
    70 | D        | Found a viscous altar of Jiyva.
    71 | D        | Found a corrupted altar of Lugonu.
    72 | D        | Found a blossoming altar of Fedhas.
    73 | D        | Found a snail-covered altar of Cheibriados.
    74 | D        | Found a shadowy altar of Dithmenos.
    75 | D        | Became a worshipper of Nemelex Xobeh the Trickster
    78 | D        | Found a stormy altar of Qazlal.
    79 | D        | Found an opulent altar of Gozag.
    80 | D        | Found a sacrificial altar of Ru.
   108 | D        | Noticed a centaur
   108 | D        | Noticed a hill giant
   202 | D        | Noticed an orc warrior
   202 | D        | Noticed a hound
   202 | D        | Noticed an ogre
   202 | D        | Noticed a gargoyle
   202 | D        | Noticed a wasp
   205 | D        | Paralysed by a wasp for 3 turns
   212 | D        | Killed a wasp
   212 | D        | Reached skill level 6 in Dodging
   212 | D        | Reached skill level 5 in Shields
   212 | D        | Reached XP level 5. HP: 42/55 MP: 4/4
   218 | D        | Killed a gargoyle
   218 | D        | Reached skill level 5 in Fighting
   218 | D        | Reached skill level 8 in Dodging
   218 | D        | Reached XP level 6. HP: 31/67 MP: 5/5
   220 | D        | Killed an ogre
   220 | D        | Reached XP level 7. HP: 36/75 MP: 6/6
   222 | D        | Killed a hound
   222 | D        | Reached skill level 9 in Dodging
   269 | D        | Received a gift from Nemelex Xobeh
   362 | D        | Reached * piety under Nemelex Xobeh
   385 | D        | Noticed a spiny frog
   385 | D        | Noticed a komodo dragon
   385 | D        | Noticed a crocodile
   385 | D        | Noticed a yak
   385 | D        | Noticed a spiny frog
   391 | D        | Noticed a porcupine
   392 | D        | Killed a spiny frog
   392 | D        | Reached skill level 5 in Unarmed Combat
   401 | D        | Killed a crocodile
   406 | D        | Killed a komodo dragon
   406 | D        | Reached skill level 10 in Dodging
   406 | D        | Reached skill level 1 in Stealth
   406 | D        | Reached XP level 8. HP: 32/87 MP: 7/7
   413 | D        | Killed a porcupine
   547 | D        | Noticed a seven-headed hydra
   547 | D        | Noticed a komodo dragon
   547 | D        | Noticed a hippogriff
   547 | D        | Noticed a crocodile
   547 | D        | Noticed an elephant
   548 | D        | Noticed a water moccasin
   551 | D        | Banished an elephant
   555 | D        | Killed a crocodile
   555 | D        | Reached skill level 11 in Dodging
   559 | D        | Noticed a hippogriff
   561 | D        | Noticed a porcupine
   564 | D        | HP: 1/88 [seven-headed hydra (7)]
   565 | D        | Slain by a seven-headed hydra

Action                   |  1- 3 |  4- 6 |  7- 9 || total
-------------------------+-------+-------+-------++-------
Melee: Unarmed           |    42 |       |       ||    42
       Rapier            |       |    33 |    59 ||    92
  Use: Potion            |       |     3 |     5 ||     8
       Scroll            |       |       |     2 ||     2
  Eat: Bread ration      |       |       |     1 ||     1
